 Dungeon Crawl Stone Soup version 0.27.0-1-g7a089689b8 (webtiles) character file.

Game seed: 13778393355565006040

950 Delamore the Cutter (level 8, -11/51 HPs)
             Began as an Octopode Brigand on Aug 6, 2021.
             Mangled by a gnoll sergeant (16 damage)
             ... on level 5 of the Dungeon.
             The game lasted 00:05:03 (5770 turns).

Delamore the Cutter (Octopode Brigand)              Turns: 5770, Time: 00:05:03

Health: -11/51     AC:  1    Str: 11    XL:     8   Next: 13%
Magic:  17/17      EV: 15    Int: 13    God:
Gold:   14         SH:  0    Dex: 15    Spells: 7/7 levels left

rFire    . . .     SeeInvis .   q - +6 dagger of the Vestibule of Hell {vorpal, Fragile rPois Stlth+}
rCold    . . .     Faith    .   (no shield)
rNeg     . . .     Spirit   .   (helmet restricted)
rPois    +         Reflect  .   (no amulet)
rElec    .         Harm     .   n - ring of magical power
rCorr    .         Rampage  .   (no ring)
Will     .....                  (no ring)
Stlth    +++++.....             (no ring)
HPRegen  0.17/turn              (no ring)
MPRegen  0.15/turn              (no ring)
                                (no ring)
                                (no ring)

@: flying
A: almost no armour, amphibious, 8 rings, camouflage 1, gelatinous body 1,
(nimble swimmer 1), tentacles
a: no special abilities


You were on level 5 of the Dungeon.
You visited 1 branch of the dungeon, and saw 5 of its levels.

You collected 196 gold pieces.
You spent 182 gold pieces at shops.

Inventory:

Hand Weapons
 a - a +3 dagger
 q - the +6 dagger of the Vestibule of Hell (weapon) {vorpal, Fragile rPois Stlth+}
   (You bought it in a shop on level 4 of the Dungeon)

   It inflicts extra damage upon your enemies.
   rPois:     It protects you from poison.
   Fragile:   It will be destroyed if unequipped.
   Stlth:     It makes you more stealthy.
Missiles
 b - 15 poisoned darts (quivered)
 c - 2 curare-tipped darts
 f - 5 boomerangs
Jewellery
 n - a ring of magical power (left tentacle)
Wands
 k - a wand of iceblast (9)
Scrolls
 d - 2 scrolls of vulnerability
 e - 2 scrolls of fear
 g - a scroll of immolation
 h - 3 scrolls of amnesia
 l - a scroll of enchant weapon
 p - a scroll of acquirement {unknown}
Potions
 i - 2 potions of flight
 j - a potion of cancellation {unknown}
 m - a potion of haste {unknown}
 o - a potion of brilliance {unknown}
 r - a potion of degeneration {unknown}


   Skills:
 + Level 2.5 Fighting
 * Level 7.6 Short Blades
 - Level 2.0 Throwing
 - Level 5.0 Dodging
 - Level 5.3 Stealth


You had 7 spell levels left.
You didn't know any spells.
Your spell library contained the following spells:

 Spells                   Type           Power      Damage    Failure   Level
 Passage of Golubria      Tloc           N/A        N/A       97%         4
 Silence                  Hex/Air        0%         N/A       100%        5
 Lehudib's Crystal Spear  Conj/Erth      0%         10d2      100%        8


Dungeon Overview and Level Annotations

Branches:
Dungeon (5/15)
 Temple: D:4-7

Altars:
Xom

Shops:
D:4 (*


Innate Abilities, Weirdness & Mutations

You cannot wear most types of armour.
You are amphibious.
You can wear up to eight rings at the same time.
Your skin changes colour to match your surroundings (Stealth+).
Your rubbery body absorbs attacks. (AC +1, EV +1)
((You are camouflaged near water. (Stealth+)))
You have tentacles for arms and can constrict up to eight enemies at once.


Message History

The gnoll sergeant is lightly wounded.
You constrict the gnoll sergeant, but do no damage.
The gnoll closely misses you.
You hit the gnoll sergeant but do no damage.
The gnoll sergeant is lightly wounded.
You constrict the gnoll sergeant, but do no damage.
The gnoll sergeant misses you. The gnoll sergeant blocks your attack.
The gnoll sergeant is lightly wounded.
You constrict the gnoll sergeant, but do no damage.
The gnoll barely misses you.
There are monsters nearby!
You hit the gnoll sergeant but do no damage.
You squeeze the gnoll sergeant.
The gnoll sergeant is lightly wounded.
You constrict the gnoll sergeant.
The gnoll sergeant hits you with a +0 trident!
The gnoll hits you from afar with a +0 spear.
* * * LOW HITPOINT WARNING * * *
You release your grip on the gnoll sergeant.
The gnoll sergeant throws a boomerang.
The boomerang misses you. The gnoll misses you. The hound misses you.
The hound closely misses you. The hound closely misses you.
The hound bites you.
* * * LOW HITPOINT WARNING * * *
The hound completely misses you. The hound bites you.
* * * LOW HITPOINT WARNING * * *
Okay, then.
The hound bites you.
* * * LOW HITPOINT WARNING * * *
The hound barely misses you.
Found a bubbling pink potion.
It was a potion of flight.
You feel very buoyant.
You fly up into the air.
The hound closely misses you.
The gnoll sergeant hits you from afar with a +0 trident!
You die...

######.#.######.....####...
#....#......# #.....# ###'
#.##.#......###.....# #.
#.##.#........#.....# #.
#######.##.#........#######
#. ........##.#........# #.
#####...##.#........#### #.
#................!.. ..
#....#.#....@.# #.
#....>.......h.# ..
#....##.#....g.# ..
#....##.#....g.# ..
#....+..#....g.#
#....####......# #.....
#.#...## #.#.#.## #.#.#..#


You could see a gnoll sergeant, a hound and 2 gnolls.

Vanquished Creatures
  2 ogres (D:4)
  3 scorpions
  A bullfrog zombie (D:5)
  A centaur skeleton (D:4)
  2 orc priests
  2 gnoll shamans (D:5)
  5 iguanas
  An orc wizard (D:4)
  A scorpion zombie (D:5)
  12 gnolls
  2 adders (D:2)
  A shadow imp (D:4)
  An ufetubus (D:5)
  A worm (D:3)
  2 dart slugs (D:1)
  8 orcs
  7 ball pythons
  5 bats
  9 endoplasms
  4 giant cockroaches
  15 goblins
  8 hobgoblins
  A jackal (D:1)
  7 quokkas
  6 frilled lizards
  4 kobolds
  6 rats
117 creatures vanquished.

Notes
Turn   | Place    | Note
-------+----------+-------------------------------------------
     0 | D:1      | Delamore the Octopode Brigand began the quest for the Orb.
     0 | D:1      | Reached XP level 1. HP: 14/14 MP: 1/1
   232 | D:1      | Reached XP level 2. HP: 17/19 MP: 2/2
   497 | D:1      | Found a faded altar of an unknown god.
   835 | D:1      | Reached XP level 3. HP: 16/24 MP: 3/3
   846 | D:1      | Reached skill level 3 in Short Blades
  1544 | D:2      | Reached XP level 4. HP: 27/29 MP: 4/4
  2122 | D:3      | Reached skill level 4 in Short Blades
  2820 | D:3      | Reached XP level 5. HP: 34/34 MP: 5/5
  3304 | D:3      | Found a shimmering altar of Xom.
  3521 | D:4      | Found Paajuv's Weapon Emporium.
  3532 | D:4      | Noticed an ogre
  3540 | D:4      | Killed an ogre
  3584 | D:4      | Reached skill level 5 in Short Blades
  3618 | D:4      | Reached XP level 6. HP: 39/39 MP: 6/6
  4164 | D:4      | Reached skill level 6 in Short Blades
  4164 | D:4      | Reached XP level 7. HP: 44/45 MP: 7/7
  4884 | D:4      | Found Riucsibb's Assorted Antiques.
  4887 | D:4      | Bought a shimmering dagger for 182 gold pieces
  4887 | D:4      | Identified the +6 dagger of the Vestibule of Hell {vorpal,
                  | Fragile rPois Stlth+} (You bought it in a shop on level 4
                  | of the Dungeon)
  5254 | D:5      | Entered Level 5 of the Dungeon
  5289 | D:5      | Reached skill level 7 in Short Blades
  5531 | D:5      | Reached XP level 8. HP: 41/50 MP: 8/8
  5629 | D:5      | Reached skill level 5 in Dodging
  5770 | D:5      | Mangled by a gnoll sergeant

Illustrated notes

Levels and vault maps discovered:
D:1:      saegor_arrival_simple_d, layout_basic,
          hellmonk_ecumenical_altar_blasted, chequers_garden,
          minmay_misc_feat_room, kennysheep_pointless_box,
          kennysheep_another_room, minmay_small_reverse_x
D:2:      layout_rooms, kennysheep_cross_room
D:3:      layout_basic, xom_butterflies, grunt_ministairs_13
D:4:      layout_loops_ring, serial_shops, kennysheep_mini, abandoned_shop,
          nicolae_stop_n_shop_2, minmay_fractal_squares_diagonal_5
D:5:      layout_basic, kennysheep_generic_room_8

Skill      XL: |  1  2  3  4  5  6  7  8 |
---------------+-------------------------+-----
Short Blades   | 3 4 5 6 7 |  7.6
Dodging        | 2 3 4 5 |  5.0
Fighting       | |  2.5
Throwing       | |  2.0
Stealth        | |  5.3

Action                   |  1- 3 |  4- 6 |  7- 9 || total
-------------------------+-------+-------+-------++-------
Melee: Dagger            |    82 |    82 |   101 ||   265
       Constrict         |    15 |    13 |    24 ||    52
       Tentacles         |    12 |    14 |    19 ||    45
Throw: Dart              |       |    30 |    11 ||    41
  Use: Scroll            |     5 |     1 |     1 ||     7
       Potion            |       |       |     1 ||     1
 Stab: Sleeping          |     7 |    15 |     4 ||    26
       Distracted        |     2 |       |       ||     2
Armor: Skin              |     5 |     3 |     1 ||     9
Dodge: Dodged            |    55 |    33 |    51 ||   139
